Map: Gresvan LE

Players

SKillous - Winner!

  • Race: Protoss Protoss
  • Spawn Location: 11:00

ShoWTimE

  • Race: Protoss Protoss
  • Spawn Location: 5:00

Event: ESL SC2 Masters 2023 Summer (Finals)

VOD

Have the link to the VOD?

Description

Time

  • Played on: June 16, 2023, 12:24 p.m.
  • Length: 11:49

All games in this series

Show
View Real Time Build Order
Export as new Build Order

SKillous Protoss - Winner!

Build Orders:  

Get SALT Encoding   

  12  0:00  Probe  
  13  0:12  Probe  
  14  0:17  Pylon  
  14  0:24  Probe  
  15  0:35  Gateway  
  15  0:37  Probe (Chrono Boost)  
  16  0:46  Probe (Chrono Boost)  
  16  0:47  Assimilator  
  17  0:51  Probe (Chrono Boost)  
  17  0:55  Assimilator  
  18  1:03  Probe (Chrono Boost)  
  19  1:09  Gateway  
  19  1:13  Probe (Chrono Boost)  
  19  1:18  Probe  
  20  1:24  Cybernetics Core  
  21  1:30  Probe  
  22  1:35  Pylon  
  22  1:42  Probe  
  23  1:54  Probe  
  23  2:00  Stalker x2  
  28  2:02  Warp Gate  
  28  2:06  Probe  
  29  2:11  Pylon  
  29  2:18  Probe  
  30  2:30  Probe  
  30  2:31  Sentry  
  30  2:34  Sentry  
  35  2:42  Probe  
  36  2:54  Nexus  
  36  2:56  Sentry  
  38  3:00  Shield Battery  
  38  3:10  Probe, Pylon  
  39  3:16  Shield Battery  
  37  3:29  Probe (Chrono Boost)  
  37  3:30  Twilight Council  
  37  3:40  Probe (Chrono Boost)  
  38  3:45  Probe (Chrono Boost)  
  39  3:50  Stalker x2  
  39  3:55  Probe  
  44  4:07  Probe  
  44  4:08  Shield Battery  
  45  4:10  Probe (Chrono Boost)  
  45  4:14  Blink (Chrono Boost)  
  46  4:18  Stalker  
  46  4:22  Probe (Chrono Boost), Shield Battery  
  50  4:24  Probe (Chrono Boost)  
  50  4:28  Stalker  
  53  4:32  Probe (Chrono Boost)  
  53  4:37  Probe (Chrono Boost), Pylon  
  54  4:39  Shield Battery  
  54  4:40  Probe (Chrono Boost)  
  56  4:46  Probe x2 (Chrono Boost)  
  56  4:48  Stalker  
  56  4:52  Stalker  
  61  4:55  Probe x2  
  61  5:07  Probe  
  61  5:08  Probe  
  63  5:16  Nexus  
  63  5:17  Pylon  
  63  5:19  Probe  
  63  5:20  Probe  
  65  5:22  Robotics Facility  
  65  5:32  Probe x2  
  65  5:33  Stalker  
  69  5:39  Forge, Shield Battery  
  69  5:44  Probe  
  69  5:48  Probe  
  71  5:51  Assimilator  
  71  5:52  Stalker  
  71  5:53  Pylon, Protoss Ground Weapons Level 1  
  71  5:56  Probe  
  74  6:02  Probe (Chrono Boost)  
  74  6:03  Pylon  
  75  6:08  Probe (Chrono Boost)  
  75  6:10  Observer (Chrono Boost)  
  77  6:18  Probe x2 (Chrono Boost)  
  79  6:20  Stalker x2  
  79  6:23  Probe (Chrono Boost), Shield Battery  
  79  6:25  Probe  
  85  6:28  Probe  
  90  6:34  Probe  
  90  6:35  Observer (Chrono Boost)  
  90  6:38  Nexus  
  88  6:42  Pylon  
  88  6:43  Probe  
  88  6:46  Probe, Charge  
  91  6:48  Probe  
  91  6:53  Gateway  
  91  6:55  Probe, Gateway  
  91  6:58  Gateway  
  92  7:02  Immortal (Chrono Boost)  
  95  7:09  Probe  
  95  7:11  Probe  
  95  7:12  Pylon  
  97  7:16  Probe, Stalker x2  
  97  7:18  Pylon  
  97  7:21  Probe  
  103  7:26  Gateway  
  103  7:27  Gateway  
  103  7:28  Probe  
  104  7:30  Probe  
  104  7:36  Observer (Chrono Boost)  
  104  7:37  Pylon, Gateway x2  
  106  7:38  Probe  
  106  7:40  Shield Battery  
  107  7:49  Probe (Chrono Boost)  
  107  7:50  Probe (Chrono Boost)  
  110  7:51  Stalker x3  
  110  7:55  Probe (Chrono Boost)  
  110  7:56  Gateway  
  116  8:02  Protoss Ground Weapons Level 2 (Chrono Boost), Shield Battery  
  116  8:03  Observer (Chrono Boost)  
  116  8:05  Photon Cannon  
  117  8:07  Photon Cannon  
  117  8:11  Stalker x2  
  121  8:14  Stalker  
  123  8:25  Nexus  
  122  8:27  Pylon  
  122  8:28  Probe  
  122  8:29  Probe x3  
  122  8:33  Observer  
  122  8:34  Stalker x2  
  130  8:40  Probe  
  130  8:41  Gateway  
  131  8:42  Probe x2, Gateway  
  131  8:46  Photon Cannon  
  133  8:51  Stalker x3  
  139  8:57  Warp Prism  
  139  8:59  Stalker  
  139  9:02  Pylon  
  142  9:07  Forge, Stalker x2  
  146  9:10  Pylon  
  146  9:11  Shield Battery  
  146  9:14  Stalker  
  146  9:15  Zealot  
  149  9:18  Stalker  
  149  9:20  Zealot  
  153  9:26  Photon Cannon  
  153  9:29  Pylon  
  151  9:31  Stalker  
  151  9:35  Stalker  
  151  9:36  Zealot x4  
  151  9:38  Protoss Ground Armor Level 1 (Chrono Boost)  
  163  9:40  Pylon  
  163  9:41  Probe (Chrono Boost)  
  165  9:48  Probe (Chrono Boost)  
  165  9:50  Stalker  
  165  9:51  Probe (Chrono Boost)  
  165  9:53  Zealot x4  
  173  10:15  Nexus  
  173  10:18  Observer (Chrono Boost)  
  173  10:19  Zealot x2  
  173  10:20  Zealot x5  
  173  10:21  Pylon  
  188  10:28  Stalker  
  188  10:31  Photon Cannon  
  188  10:33  Shield Battery  
  188  10:37  Photon Cannon  
  188  10:39  Shield Battery  
  186  10:48  Stalker x3  
  186  10:49  Zealot x2  
  196  10:53  Gateway  
  196  10:55  Gateway  
  194  10:57  Pylon  
  192  11:05  Stalker x2  
  192  11:08  Observer, Photon Cannon  
  192  11:09  Shield Battery  
  190  11:19  Nexus  
  190  11:21  Pylon, Observer  
  190  11:23  Stalker x3  
  190  11:25  Zealot x7  
  174  11:39  Stalker x2  
  170  11:47  Zealot x10  
Show
View Real Time Build Order
Export as new Build Order

ShoWTimE Protoss 

Build Orders: Oracle Opening 

Get SALT Encoding   

  12  0:00  Probe  
  13  0:12  Probe  
  14  0:16  Pylon  
  14  0:24  Probe (Chrono Boost)  
  15  0:36  Probe (Chrono Boost), Gateway  
  16  0:43  Probe (Chrono Boost)  
  16  0:46  Assimilator  
  17  0:51  Probe  
  18  1:03  Probe (Chrono Boost)  
  19  1:04  Assimilator  
  19  1:10  Gateway  
  19  1:13  Probe (Chrono Boost)  
  19  1:18  Probe (Chrono Boost)  
  20  1:23  Cybernetics Core  
  21  1:29  Probe  
  22  1:33  Pylon  
  22  1:41  Probe  
  23  1:53  Probe  
  24  1:59  Adept x2  
  24  2:00  Warp Gate  
  28  2:07  Probe  
  29  2:14  Pylon  
  29  2:21  Stargate  
  29  2:29  Adept  
  31  2:32  Adept  
  31  2:34  Probe  
  34  2:40  Pylon  
  34  2:46  Probe  
  35  3:01  Probe  
  35  3:03  Oracle (Chrono Boost)  
  39  3:24  Probe  
  38  3:29  Nexus  
  38  3:33  Oracle (Chrono Boost)  
  36  3:37  Probe  
  40  3:44  Robotics Facility  
  40  3:49  Probe  
  40  3:53  Pylon  
  41  4:00  Sentry  
  43  4:04  Probe  
  44  4:16  Probe  
  45  4:21  Stalker  
  47  4:24  Shield Battery  
  47  4:28  Probe  
  48  4:34  Immortal (Chrono Boost)  
  52  4:40  Probe  
  52  4:41  Probe  
  52  4:45  Phoenix  
  54  4:53  Probe x2  
  54  4:56  Twilight Council  
  56  5:05  Probe, Stalker x2  
  57  5:14  Probe  
  58  5:15  Assimilator  
  58  5:17  Probe  
  58  5:20  Immortal (Chrono Boost)  
  59  5:26  Probe  
  64  5:29  Probe, Assimilator  
  64  5:31  Pylon  
  65  5:38  Probe  
  65  5:41  Probe, Blink (Chrono Boost)  
  67  5:50  Probe, Pylon  
  67  5:53  Phoenix, Probe  
  69  6:01  Nexus  
  69  6:02  Probe  
  70  6:05  Probe  
  70  6:08  Shield Battery  
  71  6:12  Stalker  
  71  6:14  Sentry  
  71  6:15  Probe  
  71  6:17  Probe  
  77  6:23  Forge  
  77  6:28  Probe  
  77  6:29  Probe, Pylon  
  79  6:40  Probe (Chrono Boost)  
  79  6:45  Stalker x2  
  79  6:46  Probe (Chrono Boost)  
  85  6:48  Warp Prism (Chrono Boost)  
  85  6:51  Probe (Chrono Boost)  
  89  6:56  Probe x2 (Chrono Boost), Pylon  
  90  7:05  Protoss Ground Weapons Level 1 (Chrono Boost)  
  88  7:10  Stalker x2  
  88  7:12  Probe  
  88  7:14  Probe x2  
  95  7:19  Observer  
  96  7:27  Gateway  
  96  7:29  Gateway  
  96  7:31  Gateway  
  96  7:35  Gateway  
  96  7:36  Adept x2  
  100  7:39  Probe  
  100  7:43  Observer  
  102  7:45  Charge (Chrono Boost)  
  102  7:46  Pylon  
  102  7:53  Nexus  
  102  7:57  Pylon, Stalker x2  
  106  8:10  Probe x2  
  106  8:11  Probe  
  109  8:18  Shield Battery  
  109  8:20  Zealot x2  
  109  8:22  Probe, Pylon  
  109  8:23  Probe x2  
  116  8:31  Stalker x4  
  119  8:34  Probe  
  119  8:35  Probe x2  
  120  8:43  Shield Battery  
  120  8:45  Dark Shrine, Pylon  
  120  8:47  Probe x3  
  123  8:52  Stalker x2  
  123  8:54  Protoss Ground Weapons Level 2 (Chrono Boost)  
  127  8:59  Probe x3  
  127  9:00  Pylon  
  130  9:05  Probe  
  131  9:16  Stalker x5  
  139  9:24  Stalker  
  139  9:34  Nexus  
  139  9:38  Pylon  
  139  9:40  Shield Battery  
  139  9:42  Gateway  
  139  9:44  Stalker x5  
  149  9:46  Gateway  
  143  10:10  Pylon  
  143  10:12  Dark Templar  
  143  10:13  Dark Templar x3  
  148  10:15  Dark Templar x2  
  148  10:16  Shield Battery  
  148  10:18  Probe  
  148  10:19  Probe  
  148  10:21  Stalker x2  
  144  10:36  Gateway  
  144  10:37  Gateway  
  144  10:39  Stalker  
  144  10:42  Observer  
  147  10:44  Shield Battery  
  147  10:45  Stalker x5  
  147  10:46  Stalker x2  
  161  11:01  Shield Battery  
  161  11:02  Photon Cannon  
  161  11:03  Shield Battery  
  161  11:04  Photon Cannon  
  161  11:06  Observer  
  161  11:07  Dark Templar  
  161  11:10  Zealot x7  
  178  11:14  Photon Cannon  
  148  11:30  Dark Templar x2  
  148  11:31  Zealot x7  
  127  11:40  Dark Templar  
Tags
 
Add a new tag
Caveats
  • Supply blocks, unpowered buildings, or Contaminate may cause inaccurate times.
  • Supply counts are checked every 10 seconds.